[Event "5th Thessaloniki SKG Open-B 2024"]
[Site "Thessaloniki"]
[Date "2024.08.10"]
[Round "6.7"]
[White "Mitsopoulos, Ioannis"]
[Black "Chalkias, Michail Panagiotis"]
[Result "0-1"]
[ECO "B30"]
[WhiteElo "1629"]
[BlackElo "1772"]
[Annotator "NA RC"]
[PlyCount "106"]
[EventDate "2024.08.05"]
[EventType "swiss"]
[EventCountry "GRE"]
[SourceTitle "playchess.com"]
[Source "ChessBase"]
[SourceQuality "1"]
[TimeControl "40/5400+30:1800+30"]

1. e4 c5 2. Nf3 Nc6 3. Bb5 e6 4. O-O Nge7 5. Re1 a6 6. Bf1 g6 7. c3 e5 8. d4 cxd4 9. cxd4 exd4 10. Bf4 Bg7 11. Nbd2 O-O 12. Nb3 d5 13. e5 Bg4 14. h3 Bxf3 15. Qxf3 Qb6 16. Rad1 a5 17. a4 Nf5 18. Bb5 Nd8 19. g4 Ne7 20. Nxd4 Ne6 21. Be3 Qc7 22. Bf4 Nxf4 23. Qxf4 Nc6 24. Bxc6 bxc6 25. Rc1 Ra6 26. Qg3 Qb7 27. b3 Re8 28. g5 Rb6 29. f4 Rb4 30. Qf2 Rc8 31. Red1 Qd7 32. Kg2 c5 33. Qc2 Bf8 34. Kg3 Re8 35. Ne2 Qb7 36. Rd3 Rb8 37. Nc3 Rxb3 38. Nb5 Rxd3+ 39. Qxd3 d4 40. h4 h5 41. gxh6 Bxh6 42. Rxc5 Qh1 43. Qxd4 Qe1+ 44. Kh3 Qf1+ 45. Kg3 Bxf4+ 46. Kg4 Bh2 47. Qe4 Qg1+ 48. Kf3 Qh1+ 49. Ke3 Bg1+ 50. Kd3 Qxe4+ 51. Kxe4 Bxc5 52. h5 gxh5 53. e6 fxe6 0-1

[Event "5th Thessaloniki SKG Open-B 2024"]
[Site "Thessaloniki"]
[Date "2024.08.11"]
[Round "7.1"]
[White "Polyzos, Vasileios"]
[Black "Avanesyan, Aleksandr"]
[Result "0-1"]
[ECO "B18"]
[WhiteElo "1700"]
[BlackElo "1700"]
[Annotator "NA RC"]
[PlyCount "112"]
[EventDate "2024.08.05"]
[EventType "swiss"]
[EventCountry "GRE"]
[SourceTitle "playchess.com"]
[Source "ChessBase"]
[SourceQuality "1"]
[TimeControl "40/5400+30:1800+30"]

1. e4 c6 2. d4 d5 3. Nc3 dxe4 4. Nxe4 Bf5 5. Ng3 Bg6 6. N1e2 Nf6 7. Nf4 e5 8. Qe2 Qxd4 9. c3 Qd6 10. Nxg6 hxg6 11. f4 Nbd7 12. fxe5 Qxe5 13. Qxe5+ Nxe5 14. Bf4 Bd6 15. O-O-O Nd3+ 16. Bxd3 Bxf4+ 17. Kc2 Bxg3 18. hxg3 O-O-O 19. Rh4 Rdf8 20. Rxh8 Rxh8 21. Bc4 Rh2 22. Rg1 Nd5 23. Kd3 Rh5 24. Rf1 f6 25. Bb3 Re5 26. Kd2 Kd7 27. c4 Ne3 28. Rf3 Nf5 29. Bc2 Nd4 30. Rd3 c5 31. Bd1 Kd6 32. b4 b6 33. Bf3 Kc7 34. bxc5 Nxf3+ 35. gxf3 Rxc5 36. Rc3 Rg5 37. f4 Ra5 38. a3 g5 39. Ke3 gxf4+ 40. Kxf4 Rc5 41. Re3 Rxc4+ 42. Kf5 Rc5+ 43. Ke6 Re5+ 44. Rxe5 fxe5 45. Kxe5 Kc6 46. Kf5 b5 47. Kg6 a5 48. Kxg7 b4 49. axb4 axb4 50. g4 b3 51. g5 b2 52. g6 b1=Q 53. Kh8 Qh1+ 54. Kg8 Kd6 55. g7 Ke6 56. Kf8 Qa8# 0-1

[Event "5th Thessaloniki SKG Open-B 2024"]
[Site "Thessaloniki"]
[Date "2024.08.11"]
[Round "7.2"]
[White "Ioannidis, Konstantinos I"]
[Black "Seretis, Nikolaos G"]
[Result "1/2-1/2"]
[ECO "A07"]
[WhiteElo "1683"]
[BlackElo "1675"]
[Annotator "NA RC"]
[PlyCount "72"]
[EventDate "2024.08.05"]
[EventType "swiss"]
[EventCountry "GRE"]
[SourceTitle "playchess.com"]
[Source "ChessBase"]
[SourceQuality "1"]
[TimeControl "40/5400+30:1800+30"]

1. Nf3 Nf6 2. b3 d5 3. Bb2 Bf5 4. g3 e6 5. Bg2 Bc5 6. O-O O-O 7. d3 h6 8. Nbd2 Nbd7 9. Qe1 Re8 10. e4 dxe4 11. dxe4 Bh7 12. Qe2 Qe7 13. Rad1 Rad8 14. Ne5 Nxe5 15. Bxe5 Bd4 16. Bxd4 Rxd4 17. c3 Rdd8 18. Nc4 Qc5 19. a4 a5 20. Rfe1 Rxd1 21. Qxd1 b5 22. axb5 Qxb5 23. Bf1 Rb8 24. Nd2 Qc5 25. Re3 Rd8 26. Qe2 Bg6 27. Rd3 Rxd3 28. Qxd3 e5 29. Be2 Qc6 30. f3 h5 31. Nc4 Qc5+ 32. Qe3 Qb5 33. Nd2 Qc6 34. Nc4 Qb5 35. Nd2 Qc6 36. Nc4 Qb5 1/2-1/2

[Event "5th Thessaloniki SKG Open-B 2024"]
[Site "Thessaloniki"]
[Date "2024.08.11"]
[Round "7.3"]
[White "Pantoglou, Dimitrios"]
[Black "Triantaphylidis, Alexandros I"]
[Result "1-0"]
[ECO "B12"]
[WhiteElo "1893"]
[BlackElo "1745"]
[Annotator "NA RC"]
[PlyCount "125"]
[EventDate "2024.08.05"]
[EventType "swiss"]
[EventCountry "GRE"]
[SourceTitle "playchess.com"]
[Source "ChessBase"]
[SourceQuality "1"]
[TimeControl "40/5400+30:1800+30"]

1. e4 c6 2. d4 d5 3. f3 Qb6 4. Nc3 dxe4 5. fxe4 e5 6. Nf3 {[%emt 0:03:02] B12: Caro-Kann: Advance Variation.} exd4 7. Nxd4 Bc5 8. Na4 Qa5+ 9. c3 Be7 {[%emt 0:07:18] The old main line.} 10. b4 Qe5 11. Bd3 Nf6 12. O-O Bg4 $146 ({Predecessor:} 12... O-O 13. Bf4 Qh5 14. Qe1 Re8 15. h3 Nbd7 16. Nf5 Bf8 17. Rf3 Ne5 18. Bxe5 Rxe5 {½-½ Kaczmarczyk,D (2474)-Neuman,P (2386) Oberliga Baden 2122 2021 (7.3)}) 13. Qe1 O-O 14. h3 Bd7 15. Nf5 Bxf5 16. Rxf5 Qe6 17. Nc5 Bxc5+ 18. Rxc5 Nbd7 19. Rg5 Ne5 20. Bc2 Rad8 21. Be3 h6 22. Bb3 Nc4 23. Rc5 b5 24. e5 Nd7 25. Bxc4 bxc4 26. Ra5 Nxe5 27. Bxa7 Rfe8 28. Qe2 Rd3 29. Qc2 Qg6 30. Kh1 Qg3 31. Bf2 Qf4 32. Qe2 Rd2 33. Be3 Rxe2 34. Bxf4 Nd3 35. Bg3 Rc2 36. Ra6 Ree2 37. Rg1 Rxc3 38. Rxc6 Nxb4 39. Rc8+ Kh7 40. Be1 Nxa2 41. Bxc3 Nxc3 42. Rxc4 Ne4 43. Rb1 Re3 44. Rc7 Kg6 45. Rb6+ f6 46. Rbb7 Ng3+ 47. Kh2 Kf5 48. Rxg7 Nf1+ 49. Kg1 Nd2 50. Rb5+ Ke6 51. Rh7 Re2 52. Rxh6 Nc4 53. Rh8 Kf7 54. Rb7+ Kg6 55. Rg8+ Kf5 56. h4 Ne3 57. Rb5+ Kf4 58. Rb4+ Kf5 59. h5 Nd1 60. h6 (60. g4+ $142 Ke6 61. Re8+ Kd6 62. Rxe2 Kc5 63. Rb8 Nc3 64. Re1 Nd5 65. h6) 60... Re1+ 61. Kh2 Ne3 62. h7 Nf1+ 63. Kg1 1-0

[Event "5th Thessaloniki SKG Open-B 2024"]
[Site "Thessaloniki"]
[Date "2024.08.11"]
[Round "7.4"]
[White "Chalkias, Michail Panagiotis"]
[Black "Seretis, Anastasios"]
[Result "1-0"]
[ECO "D02"]
[WhiteElo "1772"]
[BlackElo "1612"]
[Annotator "NA RC"]
[PlyCount "75"]
[EventDate "2024.08.05"]
[EventType "swiss"]
[EventCountry "GRE"]
[SourceTitle "playchess.com"]
[Source "ChessBase"]
[SourceQuality "1"]
[TimeControl "40/5400+30:1800+30"]

1. d4 d5 2. Nf3 Nf6 3. Bf4 Bf5 4. c4 e6 5. Qb3 Nc6 6. a3 Qc8 7. Nc3 dxc4 8. Qxc4 a6 9. e3 Ne4 10. Bd3 Nxc3 11. Qxc3 Bxd3 12. Qxd3 Bd6 13. Bg3 h6 14. Rc1 Qd7 15. O-O O-O 16. Qe2 Bxg3 17. hxg3 Rad8 18. Rfd1 Qe7 19. Rc5 Rd6 20. Rdc1 Rfd8 21. b4 Rd5 22. b5 Rxc5 23. Rxc5 Nb8 24. Qc2 c6 25. a4 Rd5 26. Rxd5 exd5 27. bxa6 Nxa6 28. Qf5 Qe6 29. Qb1 Qe7 30. Ne5 g6 31. f4 Kg7 32. Kf2 Qb4 33. Qc2 c5 34. Nd3 Qc4 35. Qxc4 dxc4 36. Nxc5 Nxc5 37. dxc5 f5 38. c6 1-0

[Event "5th Thessaloniki SKG Open-B 2024"]
[Site "Thessaloniki"]
[Date "2024.08.11"]
[Round "7.5"]
[White "Bulut, Kemal"]
[Black "Nakitsas, Stergios"]
[Result "0-1"]
[ECO "C14"]
[WhiteElo "1664"]
[BlackElo "1759"]
[Annotator "NA RC"]
[PlyCount "62"]
[EventDate "2024.08.05"]
[EventType "swiss"]
[EventCountry "GRE"]
[SourceTitle "playchess.com"]
[Source "ChessBase"]
[SourceQuality "1"]
[TimeControl "40/5400+30:1800+30"]

1. e4 e6 2. d4 d5 3. Nc3 Nf6 4. Bg5 Be7 5. e5 Nfd7 6. Bxe7 Qxe7 7. f4 a6 8. Nf3 c5 9. dxc5 Nxc5 10. Bd3 Nc6 11. O-O Nxd3 12. cxd3 O-O 13. d4 f6 14. Qd2 fxe5 15. fxe5 Bd7 16. a4 Na5 17. Nxd5 Qd8 18. Ne7+ Kh8 19. Qg5 Rf7 20. Ng6+ hxg6 21. Qxg6 Qe8 22. Qg3 Kg8 23. Qh4 Bc6 24. Ng5 Rxf1+ 25. Rxf1 Qg6 26. g3 Nc4 27. Qf4 Nxb2 28. Qh4 Bd5 29. Rf4 Rc8 30. Nf3 Nd3 31. Rg4 Bxf3 0-1

[Event "5th Thessaloniki SKG Open-B 2024"]
[Site "Thessaloniki"]
[Date "2024.08.11"]
[Round "7.6"]
[White "Gkogkolas, Georgios"]
[Black "Danis, Hrisovalantis"]
[Result "0-1"]
[ECO "B38"]
[WhiteElo "1690"]
[BlackElo "1983"]
[Annotator "NA RC"]
[PlyCount "56"]
[EventDate "2024.08.05"]
[EventType "swiss"]
[EventCountry "GRE"]
[SourceTitle "playchess.com"]
[Source "ChessBase"]
[SourceQuality "1"]
[TimeControl "40/5400+30:1800+30"]

1. e4 c5 2. Nf3 g6 3. d4 cxd4 4. Nxd4 Nc6 5. c4 Bg7 6. Be3 Nf6 7. Nc3 a5 8. Be2 a4 9. O-O O-O 10. f4 d6 11. Bf3 Be6 12. Nxe6 fxe6 13. Nxa4 e5 14. Nb6 exf4 15. Bf2 Ra6 16. Nd5 Nd7 17. Rb1 Nde5 18. b4 Rxa2 19. b5 Nxf3+ 20. Qxf3 Ne5 21. Qb3 Rd2 22. Rfd1 Rxf2 23. Kxf2 e6 24. Nb4 Qh4+ 25. Kg1 f3 26. Rf1 Ng4 27. h3 Bd4+ 28. Kh1 Qg3 0-1

[Event "5th Thessaloniki SKG Open-B 2024"]
[Site "Thessaloniki"]
[Date "2024.08.11"]
[Round "7.7"]
[White "Bokias, Petros"]
[Black "Vakalopoulos, Hristos"]
[Result "0-1"]
[ECO "B21"]
[WhiteElo "1709"]
[BlackElo "1866"]
[Annotator "NA RC"]
[PlyCount "72"]
[EventDate "2024.08.05"]
[EventType "swiss"]
[EventCountry "GRE"]
[SourceTitle "playchess.com"]
[Source "ChessBase"]
[SourceQuality "1"]
[TimeControl "40/5400+30:1800+30"]

1. e4 c5 2. d4 cxd4 3. c3 dxc3 4. Nxc3 Nc6 5. Nf3 d6 6. Bc4 a6 7. O-O Nf6 8. Qe2 Bg4 9. e5 Bxf3 10. Qxf3 Nxe5 11. Qxb7 Nxc4 12. Qc6+ Nd7 13. Qxc4 e6 14. Re1 Be7 15. Qg4 Kf8 16. Bf4 h5 17. Qe2 g5 18. Be3 Qa5 19. Rad1 Qf5 20. Bd4 Rh6 21. Nd5 e5 22. Nxe7 Kxe7 23. Bc3 a5 24. Rd5 Rc8 25. Rxa5 Nc5 26. Ra7+ Kf8 27. a4 Rf6 28. h3 g4 29. hxg4 hxg4 30. f3 g3 31. Bxe5 dxe5 32. Ra5 Qh5 33. Qxe5 Qh2+ 34. Kf1 Qh1+ 35. Ke2 Qxg2+ 36. Kd1 Rd8+ 0-1

[Event "5th Thessaloniki SKG Open-B 2024"]
[Site "Thessaloniki"]
[Date "2024.08.12"]
[Round "8.1"]
[White "Avanesyan, Aleksandr"]
[Black "Ioannidis, Konstantinos I"]
[Result "1-0"]
[ECO "A24"]
[WhiteElo "1700"]
[BlackElo "1683"]
[Annotator "NA"]
[PlyCount "59"]
[EventDate "2024.08.05"]
[EventType "swiss"]
[EventCountry "GRE"]
[SourceTitle "playchess.com"]
[Source "ChessBase"]
[SourceQuality "1"]
[TimeControl "40/5400+30:1800+30"]

1. c4 Nf6 2. Nc3 g6 3. g3 Bg7 4. Bg2 O-O 5. d3 d6 6. Nf3 e5 7. O-O h6 8. e4 Qe7 9. h3 Nbd7 10. Be3 c6 11. Qd2 Kh7 12. Ne1 Ne8 13. Nc2 Nc7 14. b3 Nf6 15. d4 Bd7 16. Rac1 Rad8 17. d5 c5 18. b4 b6 19. Kh2 Ng8 20. bxc5 bxc5 21. Bxc5 dxc5 22. d6 Qe6 23. dxc7 Rc8 24. Nd5 Ne7 25. Nce3 Bc6 26. Qa5 f5 27. Qxc5 Rf7 28. Nxe7 Rxe7 29. exf5 gxf5 30. Qxc6 1-0

[Event "5th Thessaloniki SKG Open-B 2024"]
[Site "Thessaloniki"]
[Date "2024.08.12"]
[Round "8.2"]
[White "Nakitsas, Stergios"]
[Black "Pantoglou, Dimitrios"]
[Result "0-1"]
[ECO "C02"]
[WhiteElo "1759"]
[BlackElo "1893"]
[Annotator "NA"]
[PlyCount "106"]
[EventDate "2024.08.05"]
[EventType "swiss"]
[EventCountry "GRE"]
[SourceTitle "playchess.com"]
[Source "ChessBase"]
[SourceQuality "1"]
[TimeControl "40/5400+30:1800+30"]

1. e4 e6 2. d4 d5 3. e5 c5 4. c3 Nc6 5. Nf3 Bd7 6. a3 c4 7. Nbd2 Na5 8. Be2 Bc6 9. O-O Qd7 10. Qe1 Ba4 11. Bd1 Ne7 12. Rb1 Nc8 13. Bxa4 Qxa4 14. Qd1 Nb6 15. b3 cxb3 16. Nxb3 Nxb3 17. Qxb3 O-O-O 18. Bg5 Rd7 19. Qxa4 Nxa4 20. Rb3 h6 21. Be3 Rc7 22. Rc1 Be7 23. Nd2 Kb8 24. c4 dxc4 25. Nxc4 Rhc8 26. Rcb1 b6 27. Nd6 Bxd6 28. exd6 Rd7 29. Rc1 Rxc1+ 30. Bxc1 Kb7 31. Bf4 a6 32. h4 h5 33. f3 b5 34. g4 g6 35. gxh5 gxh5 36. Kf2 Nb6 37. Rd3 Kc6 38. Rc3+ Nc4 39. Be5 Kd5 40. Kg3 Nxe5 41. dxe5 Kxe5 42. Rc5+ Kxd6 43. Rxh5 Rb7 44. Rg5 Rb8 45. h5 Ke7 46. Kh4 Kf6 47. h6 b4 48. axb4 Rxb4+ 49. Kh5 Rb1 50. Ra5 Rb5+ 51. Rxb5 axb5 52. f4 b4 53. f5 exf5 0-1

[Event "5th Thessaloniki SKG Open-B 2024"]
[Site "Thessaloniki"]
[Date "2024.08.12"]
[Round "8.3"]
[White "Seretis, Nikolaos G"]
[Black "Polyzos, Vasileios"]
[Result "1-0"]
[ECO "B22"]
[WhiteElo "1675"]
[BlackElo "1700"]
[Annotator "NA RC"]
[PlyCount "125"]
[EventDate "2024.08.05"]
[EventType "swiss"]
[EventCountry "GRE"]
[SourceTitle "playchess.com"]
[Source "ChessBase"]
[SourceQuality "1"]
[TimeControl "40/5400+30:1800+30"]

1. e4 c5 2. Nf3 e6 3. c3 Nf6 4. e5 Nd5 5. g3 Nc6 6. Bg2 d6 7. exd6 Bxd6 8. O-O O-O 9. d4 h6 10. dxc5 Bxc5 11. Nbd2 Qe7 12. Nb3 Bb6 13. Nfd4 Nxd4 14. Nxd4 Rd8 15. Qg4 Kh8 16. Qe2 e5 17. Nc2 Bf5 18. Rd1 Nf6 19. Ne3 Rxd1+ 20. Nxd1 Rd8 21. Ne3 Bd3 22. Qf3 e4 23. Qf5 Be2 24. Bf1 Bxe3 25. Bxe3 Bg4 26. Qc5 Qxc5 27. Bxc5 Rd2 28. Bxa7 Rxb2 29. Bd4 Rc2 30. Bc4 Kg8 31. Bxf6 gxf6 32. Bd5 f5 33. Bxb7 Rxc3 34. a4 Rc7 35. Ba6 Kf8 36. Kf1 Ke7 37. Be2 Kd6 38. Bxg4 fxg4 39. a5 Ra7 40. a6 Ke5 41. Ke2 Kd4 42. Ra4+ Ke5 43. Ke3 f5 44. Ra5+ Ke6 45. Kd4 Rd7+ 46. Kc5 Rd5+ 47. Kb4 Rd4+ 48. Kc3 Rd8 49. a7 Ra8 50. Kc4 Kd6 51. Ra6+ Kc7 52. Rxh6 Rc8 53. Rh7+ Kb6+ 54. Kd5 Re8 55. Re7 Rc8 56. Ke5 Rc5+ 57. Kf6 Ra5 58. Re5 Rxa7 59. Kxf5 Rf7+ 60. Kxg4 Rxf2 61. h4 Re2 62. Kf4 Kc6 63. Rxe4 1-0

[Event "5th Thessaloniki SKG Open-B 2024"]
[Site "Thessaloniki"]
[Date "2024.08.12"]
[Round "8.4"]
[White "Vakalopoulos, Hristos"]
[Black "Chalkias, Michail Panagiotis"]
[Result "1/2-1/2"]
[ECO "E71"]
[WhiteElo "1866"]
[BlackElo "1772"]
[Annotator "NA"]
[PlyCount "50"]
[EventDate "2024.08.05"]
[EventType "swiss"]
[EventCountry "GRE"]
[SourceTitle "playchess.com"]
[Source "ChessBase"]
[SourceQuality "1"]
[TimeControl "40/5400+30:1800+30"]

1. d4 Nf6 2. c4 g6 3. Nc3 Bg7 4. e4 d6 5. h3 O-O 6. Be3 e5 7. d5 Na6 8. g4 Nc5 9. f3 a5 10. Nge2 c6 11. Ng3 cxd5 12. cxd5 Bd7 13. h4 h5 14. Bg5 Qb6 15. Qd2 hxg4 16. h5 gxf3 17. O-O-O Nxh5 18. Rxh5 gxh5 19. Nxh5 f5 20. Bh6 Rf7 21. Bxg7 Rxg7 22. Nxg7 Kxg7 23. Qg5+ Kf7 24. Qh5+ Ke7 25. Qg5+ Kf7 1/2-1/2

[Event "5th Thessaloniki SKG Open-B 2024"]
[Site "Thessaloniki"]
[Date "2024.08.12"]
[Round "8.5"]
[White "Danis, Hrisovalantis"]
[Black "Ropokis, Christos"]
[Result "1/2-1/2"]
[ECO "A09"]
[WhiteElo "1983"]
[BlackElo "1735"]
[Annotator "NA RC"]
[PlyCount "114"]
[EventDate "2024.08.05"]
[EventType "swiss"]
[EventCountry "GRE"]
[SourceTitle "playchess.com"]
[Source "ChessBase"]
[SourceQuality "1"]
[TimeControl "40/5400+30:1800+30"]

1. Nf3 d5 2. g3 c5 3. Bg2 Nc6 4. c4 d4 5. e3 g6 6. exd4 Nxd4 7. Nxd4 Qxd4 8. d3 Qe5+ 9. Be3 Bh6 10. d4 cxd4 11. Qxd4 Bg7 12. Qxe5 Bxe5 13. Nc3 Nf6 14. O-O O-O 15. Rfe1 Nd7 16. Rad1 Re8 17. c5 Bxc3 18. bxc3 Ne5 19. Bg5 Nc6 20. Rd6 Be6 21. Bxc6 bxc6 22. Rxc6 Rac8 23. Rxc8 Rxc8 24. Bxe7 Bxa2 25. Ra1 Bd5 26. Rxa7 Ra8 27. Rxa8+ Bxa8 28. Bf6 Bf3 29. Kf1 Kf8 30. Ke1 Ke8 31. Kd2 Kd7 32. Ke3 Bg4 33. Kf4 Be2 34. g4 h5 35. f3 Kc6 36. Bd4 Kb5 37. h3 Kc6 38. Ke3 Bd1 39. Kf2 Kd5 40. Kg3 Be2 41. Kf4 Kc6 42. gxh5 gxh5 43. Ke4 Bf1 44. h4 Be2 45. f4 Bg4 46. f5 Be2 47. Ke5 Bc4 48. Kf6 Bd5 49. Be3 Bc4 50. Kg5 Be2 51. c4 Bf3 52. Kf6 Bg4 53. Bf2 Bh3 54. Kg5 Bg4 55. Bg1 Be2 56. Kh6 Bg4 57. Bf2 Be2 1/2-1/2

[Event "5th Thessaloniki SKG Open-B 2024"]
[Site "Thessaloniki"]
[Date "2024.08.12"]
[Round "8.6"]
[White "Naci, Igli"]
[Black "Ozturk, Efe Hakan"]
[Result "0-1"]
[ECO "C01"]
[WhiteElo "1800"]
[BlackElo "2111"]
[Annotator "ChessBase"]
[PlyCount "144"]
[EventDate "2024.08.05"]
[EventType "swiss"]
[EventCountry "GRE"]
[SourceTitle "playchess.com"]
[Source "ChessBase"]
[SourceQuality "1"]
[TimeControl "40/5400+30:1800+30"]

1. e4 e6 2. d4 d5 3. exd5 exd5 4. Bd3 Bd6 5. Ne2 Ne7 6. Nbc3 Nbc6 7. Be3 Be6 8. Qd2 Qd7 9. Nb5 f6 10. h4 O-O-O 11. Nxd6+ Qxd6 12. a3 h6 13. h5 Bf5 14. O-O-O Bxd3 15. Qxd3 Rhe8 16. Nf4 Kb8 17. g4 Nc8 18. Bd2 Re4 19. Ne2 Rde8 20. Be3 Nb6 21. Nc3 Rxg4 22. Qf5 Qe6 23. Qf3 f5 24. Bf4 a6 25. b4 Rd8 26. Kb2 Qf6 27. Ne2 Re8 28. Be3 Na7 29. c3 Nb5 30. Rd3 Nc4+ 31. Kb3 c6 32. a4 Nbd6 33. Ng3 Rge4 34. Bf4 R4e6 35. Bxd6+ Nxd6 36. Qf4 Ka7 37. Rf3 Rf8 38. a5 Ne4 39. Nf1 Qg5 40. Kc2 Re7 41. Kd3 Qf6 42. Rg1 Ng5 43. Nd2 Ne6 44. Qg3 f4 45. Qg4 Ng5 46. Rh3 Nxh3 47. Qxh3 Qf5+ 48. Qxf5 Rxf5 49. Rh1 Rg5 50. Rh2 Rf7 51. Nf3 Rg3 52. fxg3 fxg3 53. Re2 Rxf3+ 54. Kd2 Rf2 55. Rxf2 gxf2 56. Ke2 Kb8 57. Kxf2 Kc7 58. Ke3 Kd6 59. Kf4 Ke6 60. Kg4 Kf6 61. Kf4 g6 62. hxg6 Kxg6 63. Ke5 h5 64. Kd6 h4 65. Kc7 h3 66. Kxb7 h2 67. Kxa6 h1=Q 68. Kb7 Qc1 69. a6 Qxc3 70. a7 Qxb4+ 71. Kxc6 Qa5 72. Kb7 Kf5 0-1

[Event "5th Thessaloniki SKG Open-B 2024"]
[Site "Thessaloniki"]
[Date "2024.08.12"]
[Round "8.7"]
[White "Mitsopoulos, Ioannis"]
[Black "Zlotogorski, Itay"]
[Result "1/2-1/2"]
[ECO "B01"]
[WhiteElo "1629"]
[BlackElo "1822"]
[Annotator "NA RC"]
[PlyCount "69"]
[EventDate "2024.08.05"]
[EventType "swiss"]
[EventCountry "GRE"]
[SourceTitle "playchess.com"]
[Source "ChessBase"]
[SourceQuality "1"]
[TimeControl "40/5400+30:1800+30"]

1. e4 d5 2. exd5 Qxd5 3. Nc3 Qa5 4. d4 Nf6 5. Nf3 c6 6. Bc4 Bg4 7. h3 Bh5 8. g4 Bg6 9. Bd2 e6 10. Qe2 Bb4 11. O-O-O Nbd7 12. a3 Bxc3 13. Bxc3 Qc7 14. Ne5 Nxe5 15. dxe5 Nd5 16. Bxd5 cxd5 17. Rhf1 Qc4 18. Qxc4 dxc4 19. Bb4 Be4 20. Rd4 Bd5 21. f4 h5 22. f5 O-O-O 23. g5 exf5 24. h4 g6 25. a4 b6 26. Bd6 Be6 27. Rf3 Kb7 28. Kd2 Rc8 29. Rff4 Rc6 30. c3 Rhc8 31. Bb4 a5 32. Ba3 Kc7 33. Kc2 Rd8 34. Bd6+ Kb7 35. Kd2 1/2-1/2

[Event "5th Thessaloniki SKG Open-B 2024"]
[Site "Thessaloniki"]
[Date "2024.08.13"]
[Round "9.1"]
[White "Ozturk, Efe Hakan"]
[Black "Avanesyan, Aleksandr"]
[Result "1-0"]
[ECO "B10"]
[WhiteElo "2111"]
[BlackElo "1700"]
[Annotator "RC"]
[PlyCount "137"]
[EventDate "2024.08.05"]
[EventType "swiss"]
[EventCountry "GRE"]
[SourceTitle "playchess.com"]
[Source "ChessBase"]
[SourceQuality "1"]
[TimeControl "40/5400+30:1800+30"]

1. e4 c6 2. c4 d5 3. exd5 cxd5 4. cxd5 Nf6 5. Nc3 Nxd5 6. Nf3 Nc6 7. Bb5 Nxc3 8. bxc3 Bg4 9. h3 Bh5 10. d4 e6 11. g4 Bg6 12. Ne5 Qd5 13. Bxc6+ bxc6 14. O-O Bd6 15. c4 Qe4 16. Re1 Qc2 17. Qxc2 Bxc2 18. Nxc6 Rc8 19. d5 Ba4 20. Nd4 Rxc4 21. Nf5 Bb4 22. Nxg7+ Kd7 23. dxe6+ fxe6 24. Re2 Bd1 25. Re3 Bc3 26. Rxc3 Rxc3 27. Bd2 Rxh3 28. Rxd1 Rd3 29. Kf1 Rg8 30. Nh5 Rd8 31. Ke2 Ke8 32. Nf6+ Kf7 33. Ne4 Ra3 34. Nc3 Kg6 35. Rh1 Kg7 36. f4 Rd7 37. Rh5 Kg6 38. f5+ exf5 39. Rg5+ Kf6 40. Rxf5+ Kg6 41. Nd5 Rxa2 42. Nf4+ Kh6 43. Nd5+ Kg6 44. Kd1 Ra1+ 45. Kc2 Ra2+ 46. Kc3 Rf7 47. Rg5+ Kh6 48. Be3 Ra3+ 49. Kd4 Rd7 50. Rf5+ Kg7 51. Ke4 Ra4+ 52. Bd4+ Rxd4+ 53. Kxd4 Rf7 54. Re5 Kg6 55. Ke4 Rf1 56. Nf4+ Kg7 57. Kf5 Kf7 58. Ra5 Rb1 59. Rxa7+ Kg8 60. Kf6 Rb8 61. Ne6 Kh8 62. Rd7 h5 63. gxh5 Rg8 64. Rd8 Rxd8 65. Nxd8 Kh7 66. Kg5 Kg7 67. h6+ Kh7 68. Kh5 Kg8 69. Kg6 1-0

[Event "5th Thessaloniki SKG Open-B 2024"]
[Site "Thessaloniki"]
[Date "2024.08.13"]
[Round "9.2"]
[White "Pantoglou, Dimitrios"]
[Black "Seretis, Nikolaos G"]
[Result "1-0"]
[ECO "D59"]
[WhiteElo "1893"]
[BlackElo "1675"]
[Annotator "NA RC"]
[PlyCount "137"]
[EventDate "2024.08.05"]
[EventType "swiss"]
[EventCountry "GRE"]
[SourceTitle "playchess.com"]
[Source "ChessBase"]
[SourceQuality "1"]
[TimeControl "40/5400+30:1800+30"]

1. d4 d5 2. c4 e6 3. Nc3 Be7 4. Nf3 Nf6 5. Bg5 h6 6. Bh4 O-O 7. e3 b6 8. cxd5 Nxd5 9. Bxe7 Qxe7 10. Nxd5 exd5 11. Bd3 Be6 12. Rc1 c5 13. dxc5 bxc5 14. O-O Nd7 15. Qa4 Nb6 16. Qa5 Rac8 17. Rfd1 Rfd8 $11 18. Be2 Qf6 19. b3 Qb2 20. Bf1 Rd7 21. Rxc5 Rxc5 22. Qxc5 Qxa2 23. Nd4 Rd8 24. Qe7 Rf8 25. Rc1 Bc8 26. Rc7 Qb1 27. Rxa7 Bf5 28. Nxf5 Qxf5 29. Rb7 Nc8 30. Qd7 Qf6 31. Rb8 Nd6 32. Rxf8+ Kxf8 33. g3 Ne4 34. Qc8+ Ke7 35. Qc7+ Kf8 36. Qc8+ Ke7 37. Qc7+ Kf8 38. Qc2 Qc3 39. Qxc3 Nxc3 40. Kg2 Ke7 41. Kf3 Kd6 42. b4 Ke5 43. h4 d4 44. Bc4 f5 45. b5 Na4 46. Bb3 Nc5 47. exd4+ Kxd4 48. b6 Ke5 49. Ba4 g5 50. Bc6 Kd6 51. Be8 Ke7 52. Bb5 Kd6 53. Ke3 Ne6 54. b7 Kc7 55. Bc6 Nd8 56. Bd5 Nxb7 57. Bxb7 Kxb7 58. Kd4 Kc6 59. Ke5 f4 60. hxg5 hxg5 61. gxf4 gxf4 62. Kxf4 Kd6 63. Kf5 Ke7 64. Kg6 Kf8 65. f4 Kg8 66. f5 Kf8 67. Kf6 Ke8 68. Kg7 Ke7 69. f6+ 1-0

[Event "5th Thessaloniki SKG Open-B 2024"]
[Site "Thessaloniki"]
[Date "2024.08.13"]
[Round "9.3"]
[White "Chalkias, Michail Panagiotis"]
[Black "Hatzigrigoriou, Georgios"]
[Result "1-0"]
[ECO "E01"]
[WhiteElo "1772"]
[BlackElo "1800"]
[Annotator "NA RC"]
[PlyCount "87"]
[EventDate "2024.08.05"]
[EventType "swiss"]
[EventCountry "GRE"]
[SourceTitle "playchess.com"]
[Source "ChessBase"]
[SourceQuality "1"]
[TimeControl "40/5400+30:1800+30"]

1. d4 d5 2. c4 c6 3. Nf3 Nf6 4. Nbd2 e6 5. g3 Bd6 6. Bg2 Nbd7 7. O-O O-O 8. Qc2 b6 9. e4 dxe4 10. Nxe4 Nxe4 11. Qxe4 Bb7 12. Rd1 Qc7 13. Qe2 Rfe8 14. Qd3 h6 15. b3 $11 (15. c5 $14 {deserves consideration.} Be7 16. Bf4) 15... e5 16. dxe5 Nxe5 17. Qxd6 Rad8 18. Qxc7 Rxd1+ 19. Bf1 Nxf3+ 20. Kg2 Ne1+ 21. Kh3 Bc8+ 22. g4 Nc2 23. Qxc6 Bd7 24. Qf3 h5 25. Qc3 Bxg4+ 26. Kg3 Nxa1 27. Bb2 f6 28. Bg2 Bf5 29. Bd5+ Kh7 30. Kf4 Rd3 31. Qc1 Nc2 32. Kxf5 Nd4+ 33. Bxd4 Rxd4 34. f4 g6+ 35. Kxf6 Re2 36. Qf1 Re8 37. Qf2 Rf8+ 38. Ke5 Rd1 39. Qh4 Re8+ 40. Kd6 Rde1 41. Qf6 Rh8 42. f5 gxf5 43. Qxf5+ Kh6 44. Qf4+ 1-0

[Event "5th Thessaloniki SKG Open-B 2024"]
[Site "Thessaloniki"]
[Date "2024.08.13"]
[Round "9.4"]
[White "Ioannidis, Konstantinos I"]
[Black "Vakalopoulos, Hristos"]
[Result "1/2-1/2"]
[ECO "A49"]
[WhiteElo "1683"]
[BlackElo "1866"]
[Annotator "NA RC"]
[PlyCount "88"]
[EventDate "2024.08.05"]
[EventType "swiss"]
[EventCountry "GRE"]
[SourceTitle "playchess.com"]
[Source "ChessBase"]
[SourceQuality "1"]
[TimeControl "40/5400+30:1800+30"]

1. Nf3 Nf6 2. b3 g6 3. Bb2 Bg7 4. g3 O-O 5. Bg2 d6 6. d4 a5 7. a4 Na6 8. O-O c6 9. e3 d5 10. Nc3 Bf5 11. h3 $11 Nc7 12. Qe2 Nce8 13. Ne1 Nd6 14. f3 Be6 15. Nd3 Nh5 16. Qf2 Qb8 17. g4 Nf6 18. Rae1 h5 19. Nf4 hxg4 20. hxg4 Nh7 21. Nce2 Bd7 22. Nd3 Ng5 23. Ne5 Qc7 24. Bc1 Bf6 25. Nf4 Kg7 26. Nfd3 Rad8 27. Nxd7 Qxd7 28. Nc5 Qc8 29. f4 Qxg4 30. fxg5 Bxg5 31. Qf3 Qh4 32. Qh3 Qxh3 33. Bxh3 b6 34. Nd3 Ne4 35. Ne5 f6 36. Nxc6 Rd6 37. Nxe7 Re8 38. Ba3 Rxe7 39. Bxd6 Nxd6 40. Rf3 Rc7 41. Re2 f5 42. Bf1 Rc3 43. Bg2 Ne4 44. Rh3 Nf6 1/2-1/2